 Dungeon Crawl Stone Soup version 0.17-a0-1685-g57e755e (webtiles) character file.

37 dynamoDes the Magician (level 3, 0/25 HPs)
             Began as a Demonspawn Wizard on Aug 19, 2015.
             Slain by an adder (2 damage)
             ... on level 2 of the Dungeon.
             The game lasted 00:17:35 (2112 turns).

dynamoDes the Magician (Demonspawn Wizard)          Turns: 2112, Time: 00:17:38

Health: 0/25       AC:  3    Str:  7    XL:     3   Next: 23%
Magic:  2/7        EV: 11    Int: 20    God:
Gold:   133        SH:  0    Dex: 11    Spells: 1 memorised, 7 levels left

rFire  . . .     SeeInvis .     h - +1 spear
rCold  . . .     Clarity  .     t - +0 leather armour
rNeg   . . .     SustAt   .     (no shield)
rPois  .         Gourm    .     b - +0 hat
rElec  .         Spirit   .     (no cloak)
rCorr  +         Warding  .     (no gloves)
rMut   .         Stasis   .     (no boots)
MR     .....                    o - amulet of resist corrosion
Stlth  +.........               (no ring)
                                (no ring)

@: lethally poisoned (0 -> -11), very slightly contaminated, not resistant to
hostile enchantments, very unstealthy
A: hooves 1, powered by pain 1
a: no special abilities


You were on level 2 of the Dungeon.
You were not hungry.

You visited 1 branch of the dungeon, and saw 2 of its levels.

You collected 133 gold pieces.

Inventory:

Hand weapons
 e - a +0 club
 h - a +1 spear (weapon)
Missiles
 i - 4 stones (quivered)
 j - 5 bolts
 n - 12 arrows of dispersal
 r - 64 sling bullets
Armour
 a - a +0 robe
 b - a +0 hat (worn)
 q - a +0 ring mail
 t - a +0 leather armour (worn)
Jewellery
 o - an amulet of resist corrosion (around neck)
Scrolls
 d - a scroll of recharging {unknown}
 f - a scroll of random uselessness {unknown}
Potions
 g - a potion of brilliance
Books
 c - a book of Minor Magic

   Spells                             Type                      Level
   a - Magic Dart                     Conjuration                  1
   b - Blink                          Translocation                2
   c - Call Imp                       Summoning                    2
   d - Repel Missiles                 Charms/Air                   2
   e - Slow                           Hexes                        2
   f - Conjure Flame                  Conjuration/Fire             3
   g - Mephitic Cloud                 Conjuration/Poison/Air       3
Comestibles
 k - a slice of pizza


   Skills:
 + Level 0.8 Fighting
 + Level 0.8 Armour
 + Level 2.2 Dodging
 + Level 1.7 Stealth
 + Level 3.3 Spellcasting
 + Level 1.4 Conjurations
   Level 1.0 Summonings
   Level 0.8 Translocations


You had 7 spell levels left.
You knew the following spells:

 Your Spells              Type           Power        Failure   Level  Hunger
a - Magic Dart            Conj           #...         14%         1    None


Dungeon Overview and Level Annotations

Branches:
Dungeon (2/15)

Altars:


Innate Abilities, Weirdness & Mutations

You have large cloven feet.
You sometimes gain a little power by taking damage.


Message History

Press: ? - help, Shift-Dir - straight line, f/p - adder
Aim: an adder (severely wounded)
The magic dart hits the adder.
The adder is almost dead.
You feel sick. The adder bites you.
You are lethally poisoned!
The adder poisons you! The adder barely misses you.
You miss the adder.
The adder is almost dead.
The adder bites you.
* * * LOW HITPOINT WARNING * * *
You are more poisoned.
The adder poisons you!
You closely miss the adder.
The adder is almost dead.
* * * LOW HITPOINT WARNING * * *
You feel sick. The adder bites you.
* * * LOW HITPOINT WARNING * * *
The adder bites you.
You die...

######### #.......# #
#.......# # #.......# ##
#..>....#
.####################......(#
................@S..........#
..###################.......#
....####### #.......#
###.......###### #.......# #
#######...<..# #.......# #
#####....# #########
#...#....# #...#....##
#...##.#..########.


You could see an adder.

Vanquished Creatures
  2 giant geckos (D:1)
  5 bats
  3 goblins (D:1)
  8 hobgoblins
  5 giant cockroaches
  A giant newt (D:1)
  5 kobolds (D:1)
  2 rats (D:1)
31 creatures vanquished.

Notes
Turn   | Place    | Note
--------------------------------------------------------------
     0 | D:1      | dynamoDes the Demonspawn Wizard began the quest for the Orb.
     0 | D:1      | Reached XP level 1. HP: 13/13 MP: 4/4
     3 | D:1      | Noticed a merfolk skeleton
     7 | D:1      | Noticed a minotaur skeleton
    12 | D:1      | Noticed a minotaur skeleton
    14 | D:1      | Noticed a merfolk skeleton
    14 | D:1      | Noticed a spriggan skeleton
    16 | D:1      | Noticed a troll skeleton
    16 | D:1      | Noticed a troll skeleton
    18 | D:1      | Noticed a spriggan skeleton
   563 | D:1      | Gained mutation: You have large cloven feet. [demonic ancestry]
   563 | D:1      | Reached XP level 2. HP: 16/19 MP: 6/6
  1854 | D:1      | Gained mutation: You sometimes gain a little power by taking damage. [demonic ancestry]
  1854 | D:1      | Reached XP level 3. HP: 20/25 MP: 7/7
  2112 | D:2      | Slain by an adder

Vault maps used:
D:1:      shiori_arrival_whats_in_store_for_you
D:2:      minivault_25, uniq_crazy_yiuf_cottage

Action                   || total
-------------------------++-------
Melee: Club              ||    25
       Spear             ||   103
 Cast: Magic Dart        ||    32
  Use: Scroll            ||     3
       Potion            ||     1
 Stab: Sleeping          ||     1
  Eat: Bread ration      ||     1
